 Dungeon Sprint DCSS version 0.18-a0-1805-g8ab820f (webtiles) character file.

1639 Kidiri the Covert (level 8, -4/42 HPs)
             Began as a Spriggan Enchanter on Apr 25, 2016.
             Slain by a vampire mosquito (10 damage)
             ... in the Dungeon (Sprint II: "The Violet Keep of Menkaure").
             The game lasted 00:03:35 (529 turns).

Kidiri the Covert (Spriggan Enchanter)               Turns: 529, Time: 00:03:36

Health: -4/42      AC:  3    Str:  4    XL:     8   Next: 66%
Magic:  2/20       EV: 26    Int: 17    God:
Gold:   972        SH:  0    Dex: 16    Spells: 5 memorised, 15 levels left

rFire  . . .     SeeInvis +     a - +1 dagger
rCold  . . .     Gourm    .     b - +1 robe
rNeg   . . .     Faith    .     (shield restricted)
rPois  .         Spirit   .     (helmet restricted)
rElec  .         Dismiss  .     (no cloak)
rCorr  .         Reflect  .     (gloves unavailable)
SustAt .         Harm     .     (boots unavailable)
MR     +....     NoTele   +     (no amulet)
Stlth  +++.......               (no ring)
                                (no ring)

@: very slightly contaminated, hasted, very quick, somewhat resistant to hostile
enchantments, fairly stealthy
A: unfitting armour, see invisible, clumsy 1, herbivore 3, speed 3, low mp 1,
sense surroundings 1, slow metabolism 2
a: no special abilities


You were in the Dungeon.
You were not hungry.

You visited 1 branch You collected 972 gold pieces.

Inventory:

Hand Weapons
 a - a +1 dagger (weapon)
Armour
 b - a +1 robe (worn)
Scrolls
 j - a scroll of blinking
Books
 c - a book of Maledictions

   Spells                             Type                      Level
   a - Corona                         Hexes                        1
   b - Ensorcelled Hibernation        Hexes/Ice                    2
   c - Confuse                        Hexes                        3
   d - Tukima's Dance                 Hexes                        3
   e - Dazzling Spray                 Conjuration/Hexes            3
Comestibles
 d - a bread ration


   Skills:
 + Level 4.4 Fighting
 * Level 8.9 Short Blades
 + Level 4.0 Armour
 * Level 11.5 Dodging
 * Level 12.8 Stealth
 * Level 10.0 Spellcasting
 + Level 2.6 Conjurations
 + Level 7.8 Hexes
 + Level 3.0 Ice Magic


You had 15 spell levels left.
You knew the following spells:

 Your Spells              Type           Power        Failure   Level  Hunger
a - Corona                Hex            #####..      1%          1    None
b - Ensorcelled Hibernat  Hex/Ice        ####..       1%          2    None
c - Confuse               Hex            #####...     1%          3    None
d - Tukima's Dance        Hex            #####...     1%          3    None
e - Dazzling Spray        Conj/Hex       ####....     3%          3    None


Dungeon Overview and Level Annotations

Branches:
Dungeon (1/1)

Altars:

Shops:
D %!!

Annotations:
D Roxanne


Innate Abilities, Weirdness & Mutations

You are tiny and cannot use many weapons and most armour.
You have supernaturally acute eyesight.
You are a herbivore.
You cover ground extremely quickly.
You need consume almost no food.
You are clumsy. (Dex -2)
Your magical capacity is low (-10% MP).
You passively map a small area around you.


Message History

You hit the vampire mosquito.
The vampire mosquito is lightly damaged.
The vampire mosquito bites you!
* * * LOW HITPOINT WARNING * * *
The vampire mosquito draws strength from your injuries!
Your unstable footing causes you to fumble your attack.
You hit the vampire mosquito but do no damage.
The vampire mosquito barely misses you.
You hit the vampire mosquito but do no damage.
The vampire mosquito completely misses you.
You closely miss the vampire mosquito. The vampire mosquito barely misses you.
Your unstable footing causes you to fumble your attack.
You miss the vampire mosquito.
The vampire mosquito completely misses you.
Unknown command.
Your unstable footing causes you to fumble your attack.
You hit the vampire mosquito.
The vampire mosquito is lightly damaged.
The vampire mosquito bites you!
You die...

, ∩ .#≈≈≈≈#%##..#, ,
∩. .#≈≈####.###### *
.∩..#≈##.###'###.##
∩...#≈#.#.##.##...#
....+ +###'.<.'.##+
*
....#≈#.#%##.##...#,
* * **
###≈##.###'###.## ,
, #≈≈####.).#### , ,
+ *#≈@≈#..#..# ≈ ,,
+ #y#≈##...## ≈≈≈
**,*#[#≈≈##+##≈≈≈§≈
≈ ####≈≈≈≈≈≈≈≈≈§§ *
#+++#+++#≈≈≈ ,,,
*#§≈≈≈§§ ,
#§§≈≈≈≈§§≈ ≈ ,
+§≈≈≈≈8§≈§§≈+ * , ,
##§≈§≈§≈§≈≈##


You could see a vampire mosquito.

Vanquished Creatures
  A siren (D)
  4 neqoxecs (D)
  2 hippogriffs (D)
  Menkaure (D)
  4 necrophages (D)
  A crocodile (D)
13 creatures vanquished.

Notes
Turn   | Place    | Note
--------------------------------------------------------------
     0 | D        | Kidiri the Spriggan Enchanter began the quest for the Orb.
     0 | D        | Reached XP level 1. HP: 9/9 MP: 5/5
     1 | D        | Noticed a neqoxec
     4 | D        | Noticed a hippogriff
     4 | D        | Noticed a hippogriff
     7 | D        | Noticed a siren
    10 | D        | Noticed a necrophage
    10 | D        | Noticed a necrophage
    10 | D        | Noticed a necrophage
    10 | D        | Noticed a necrophage
    17 | D        | Killed a necrophage
    17 | D        | Reached skill level 1 in Fighting
    17 | D        | Reached skill level 1 in Armour
    17 | D        | Reached skill level 5 in Dodging
    17 | D        | Reached skill level 7 in Stealth
    17 | D        | Reached XP level 2. HP: 15/15 MP: 4/8
    17 | D        | Reached XP level 3. HP: 18/18 MP: 5/10
    17 | D        | Reached XP level 4. HP: 23/23 MP: 5/11
    22 | D        | Killed a necrophage
    22 | D        | Reached skill level 5 in Short Blades
    22 | D        | Reached skill level 8 in Stealth
    22 | D        | Reached skill level 5 in Hexes
    22 | D        | Reached XP level 5. HP: 25/26 MP: 5/14
    28 | D        | Killed a necrophage
    28 | D        | Reached skill level 9 in Stealth
    32 | D        | Killed a necrophage
    32 | D        | Reached XP level 6. HP: 24/31 MP: 6/17
    41 | D        | Learned a level 2 spell: Ensorcelled Hibernation
    45 | D        | Learned a level 3 spell: Confuse
    49 | D        | Learned a level 3 spell: Tukima's Dance
    53 | D        | Learned a level 3 spell: Dazzling Spray
   288 | D        | Killed a hippogriff
   288 | D        | Reached skill level 10 in Stealth
   288 | D        | Reached skill level 1 in Ice Magic
   291 | D        | Killed a hippogriff
   291 | D        | Reached skill level 1 in Conjurations
   291 | D        | Reached XP level 7. HP: 35/35 MP: 13/19
   314 | D        | Killed a siren
   314 | D        | Reached skill level 10 in Dodging
   314 | D        | Reached skill level 11 in Stealth
   365 | D        | Killed a neqoxec
   365 | D        | Reached XP level 8. HP: 41/41 MP: 17/22
   392 | D        | Noticed Roxanne
   394 | D        | Reached skill level 12 in Stealth
   394 | D        | Gained mutation: You passively map a small area around you. [a neqoxec]
   396 | D        | Gained mutation: Your body sometimes deteriorates upon taking damage. [a neqoxec]
   403 | D        | Lost mutation: Your body sometimes deteriorates upon taking damage. [a neqoxec]
   404 | D        | Gained mutation: You are clumsy. (Dex -2) [a neqoxec]
   416 | D        | Gained mutation: Your magical capacity is low (-10% MP). [a neqoxec]
   457 | D        | Noticed Menkaure
   468 | D        | Killed Menkaure
   468 | D        | Reached skill level 10 in Spellcasting
   476 | D        | Noticed an ice statue
   489 | D        | Found Wussuf's Distillery.
   490 | D        | Found Rouwaton's Distillery.
   490 | D        | Found Dudeon's Food Shoppe.
   529 | D        | Slain by a vampire mosquito

Vault maps used:
D:        the_violet_keep_of_menkaure

Skill      XL: |  1  2  3  4  5  6  7  8 |
---------------+-------------------------+-----
Fighting       | 1 2 3 4 |  4.4
Short Blades   | 3 5 6 7 8 |  8.9
Armour         | 1 2 3 4 |  4.0
Dodging        | 5 7 8 9 10 11 | 11.5
Stealth        | 7 8 9 10 11 12 | 12.8
Spellcasting   | 4 6 7 8 9 10 | 10.0
Hexes          | 4 5 6 7 |  7.8
Ice Magic      | 1 2 3 |  3.0
Conjurations   | 1 2 |  2.6

Action                   |  1- 3 |  4- 6 |  7- 9 || total
-------------------------+-------+-------+-------++-------
Melee: Dagger            |     3 |    16 |    52 ||    71
 Cast: Corona            |     1 |       |       ||     1
       Ensorcelled Hiber |       |     2 |    16 ||    18
       Tukima's Dance    |       |       |     1 ||     1
       Dazzling Spray    |       |       |     9 ||     9
       Confuse           |       |       |     6 ||     6
  Use: Potion            |     1 |       |     5 ||     6
 Stab: Sleeping          |       |     2 |     3 ||     5
       Confused          |       |       |     2 ||     2
       Invisible         |       |       |     2 ||     2
Dodge: Dodged            |     2 |     2 |    38 ||    42
